 Dungeon Crawl Stone Soup version 0.30.1-9-gdf580d7c3d (webtiles) character file.

Game seed: 10009506207727879784

320 CaptainMV the Chiller (level 6, 0/46 HPs)
             Began as a Draconian Ice Elementalist on Sept 28, 2023.
             Slain by an ice beast (3 damage)
             ... on level 5 of the Dungeon.
             The game lasted 00:20:55 (2543 turns).

CaptainMV the Chiller (Draconian Ice Elementalist)  Turns: 2543, Time: 00:20:56

Health: 0/46       AC:  2    Str: 10    XL:     6   Next: 22%
Magic:  6/12       EV: 12    Int: 15    God:
Gold:   259        SH:  0    Dex: 14    Spells: 9/13 levels left

rFire   . . .        a - +0 dagger (flame)
rCold   . . .        (no shield)
rNeg    . . .        (body armour unavailable)
rPois   .            k - +2 hat
rElec   .            j - +0 cloak
rCorr   .            m - +0 pair of gloves
SInv    .            (no boots)
Will    .....        (no amulet)
Stlth   ++           (no ring)
HPRegen 0.27/turn    (no ring)
MPRegen 0.13/turn

%: no passive effects
@: about to teleport, corroded
A: AC +6, unfitting armour, cold-blooded
a: no special abilities


You were on level 5 of the Dungeon.
You visited 1 branch of the dungeon, and saw 5 of its levels.

You collected 259 gold pieces.

Inventory:

Hand Weapons
 a - a +0 dagger of flaming (weapon)
Missiles
 i - 5 javelins
 o - 4 atropa-tipped darts (quivered)
Armour
 j - a +0 cloak (worn)
 k - a +2 hat (worn)
 m - a +0 pair of gloves (worn)
Jewellery
 g - an amulet of faith
Scrolls
 c - 4 scrolls of brand weapon
Potions
 b - a potion of magic
 e - 2 potions of curing
 f - 2 potions of attraction {unknown}
 h - a potion of haste {unknown}
 l - 2 potions of brilliance
 n - a potion of degeneration {unknown}


   Skills:
 + Level 0.5 Fighting
 + Level 1.4 Short Blades
 + Level 0.1 Throwing
 + Level 2.3 Dodging
 + Level 2.5 Stealth
 + Level 4.1 Spellcasting
 + Level 5.3 Ice Magic


You had 9 spell levels left.
You knew the following spells:

 Your Spells              Type           Power      Damage    Failure   Level
a - Freeze                Ice            76%        1d8       1%          1
b - Frozen Ramparts       Ice            38%        1d6       6%          3

Your spell library contained the following spells:

 Spells                   Type           Power      Damage    Failure   Level
 Ozocubu's Armour         Ice            19%        N/A       6%          3
 Summon Ice Beast         Ice/Summ       11%        N/A       52%         4
 Ozocubu's Refrigeration  Ice            9%         4d9       100%        7


Dungeon Overview and Level Annotations

Branches:
Dungeon (5/15)
 Temple: D:4-7

Altars:
Elyvilon
Kikubaaqudgha
Qazlal
Xom
Zin
The Shining One

Shops:
D:1 *


Innate Abilities, Weirdness & Mutations

Your plain brown scales are hard. (AC +6)
You cannot fit into any form of body armour.
You are cold-blooded and may be slowed by cold attacks.


Message History

Confirm with . or Enter, or press ? or * to list all spells.
Casting: Frozen Ramparts (dangerous; 6% risk of failure)
Press: ? - help, Dir - look around, f - activate The walls around you are covered in ice.
The white imp closely misses you.
The wall freezes the jelly.
You hit the jelly. You burn the jelly. The acid corrodes you!
Your hands burn!
You tail-slap the jelly, but do no damage.
The jelly is moderately wounded.
The wall freezes the jelly.
The jelly hits you.
You are splashed with acid!
The white imp hits you but does no damage.
You hit the jelly but do no damage.
Your hands burn!
The jelly is heavily wounded.
The wall freezes the jelly.
The jelly barely misses you.
The white imp hits you but does no damage.
You hit the jelly but do no damage.
Your hands burn!
The jelly is severely wounded.
The white imp closely misses you.
The wall freezes the jelly.
The jelly closely misses you.
You hit the jelly but do no damage. The acid corrodes you!
Your hands burn!
The jelly is almost dead.
The wall freezes the jelly.
The jelly barely misses you. The white imp gestures at you.
The puff of frost hits you!
You hit the jelly. You burn the jelly.
You kill the jelly!
The white imp gestures at you. The puff of frost hits you.
* * * LOW HITPOINT WARNING * * *
As you read the scroll of teleportation, it crumbles to dust.
You feel strangely unstable. The white imp misses you.
You hit the white imp but do no damage.
The frozen ramparts melt away.
The white imp barely misses you.
You hit the white imp but do no damage.
You punch the white imp, but do no damage.
The white imp gestures at you. The puff of frost hits you!
* * * LOW HITPOINT WARNING * * *
You hit the white imp but do no damage. The white imp closely misses you.
The ice beast hits you.
You die...

..~~~~.......## ####
..#.......~~~~... ...#
..#.~~~~~.≈≈≈~.# .#.# ..
...≈≈≈≈~.≈≈~~.#. .#.# #..
#.~≈≈≈~.~~~≈... .#.#
#.#.##.~~~~~.~≈~~... ...#
#.#.........Y5....#.
...###.####.##..@........
..............#.###....##
....†.#.#####.#.####..##
...##.#.##.........# ...
#..##......##.#.##.# ...
...####.........# .# ##
##.# #.......#>.....#
##.......######.......#
########.# #.#.#.#.#


You could see an ice beast and a white imp.

Vanquished Creatures
  Menkaure (D:4)
  A hound (D:5)
  A jelly (D:5)
  A sleepcap (D:4)
  5 adders
  A worm (D:3)
  2 dart slugs
  An orc (D:3)
  6 ball pythons
  4 bats
  7 endoplasms
  4 giant cockroaches
  9 hobgoblins
  2 kobolds (D:3)
  2 quokkas (D:3)
  2 frilled lizards (D:3)
  7 goblins
  7 rats
63 creatures vanquished.

Notes
Turn   | Place    | Note
-------+----------+-------------------------------------------
     0 | D:1      | CaptainMV the Draconian Ice Elementalist began the quest
                  | for the Orb.
     0 | D:1      | Reached XP level 1. HP: 14/14 MP: 3/3
    85 | D:1      | Found Teynesostra's General Store.
   562 | D:1      | Reached XP level 2. HP: 20/20 MP: 1/5
  1002 | D:2      | Found a faded altar of an unknown god.
  1340 | D:2      | Found a glowing golden altar of the Shining One.
  1521 | D:3      | Reached XP level 3. HP: 26/26 MP: 0/6
  1646 | D:3      | Learned a level 3 spell: Frozen Ramparts
  1687 | D:3      | Found an ancient bone altar of Kikubaaqudgha.
  1712 | D:3      | Found a shimmering altar of Xom.
  1717 | D:3      | Reached XP level 4. HP: 33/33 MP: 1/8
  2039 | D:4      | Found a stormy altar of Qazlal.
  2040 | D:4      | Noticed Menkaure
  2054 | D:4      | Killed Menkaure
  2055 | D:4      | Reached skill level 1 in Short Blades
  2055 | D:4      | Reached skill level 5 in Ice Magic
  2055 | D:4      | Reached XP level 5. HP: 19/39 MP: 1/10
  2126 | D:4      | Found a glowing golden altar of the Shining One.
  2126 | D:4      | Found a white marble altar of Elyvilon.
  2126 | D:4      | Found a glowing silver altar of Zin.
  2486 | D:5      | Entered Level 5 of the Dungeon
  2509 | D:5      | Reached XP level 6. HP: 46/46 MP: 7/12
  2529 | D:5      | Noticed an ice beast
  2541 | D:5      | HP: 2/46 [white imp/puff of frost (12)]
  2543 | D:5      | Slain by an ice beast

Illustrated notes

Levels and vault maps discovered:
D:1:      dpeg_arrival_round_c, layout_basic, serial_shops, nicolae_diamond_shop
D:2:      layout_loops_ring, basic_altar, hellmonk_ecumenical_altar_arch_garden,
          minmay_heptomino_l4
D:3:      layout_rooms, mainiacjoe_overflow_concentric_impassable,
          xom_confusion_cloud, corexii_corridor_pit
D:4:      layout_basic, dreamdust_divine_triumvirate, lemuel_round_altar,
          grunt_ministairs_5, uniq_menkaure
D:5:      layout_loops_cross, mainiacjoe_overflow_six_doors_small,
          pf_just_have_faith, hex_tiny, minivault_14

Skill      XL: |  1  2  3  4  5 |
---------------+----------------+-----
Stealth        | 2 |  2.5
Spellcasting   | 3 4 |  4.1
Short Blades   | 1 |  1.4
Dodging        | 2 |  2.3
Ice Magic      | 5 |  5.3
Fighting       | |  0.5
Throwing       | |  0.1

Action                     |  1- 3 |  4- 6 || total
---------------------------+-------+-------++-------
  Melee: Dagger            |    52 |    46 ||    98
         Tailslap          |     7 |     7 ||    14
         Punch             |       |     3 ||     3
  Throw: Javelin           |       |     2 ||     2
   Cast: Freeze            |    44 |    22 ||    66
         Frozen Ramparts   |     1 |     5 ||     6
    Use: Scroll            |     4 |     3 ||     7
   Stab: Sleeping          |     3 |     1 ||     4
         Confused          |       |     2 ||     2
 Armour: Skin              |    30 |    18 ||    48
  Dodge: Dodged            |    48 |    49 ||    97
